 Dungeon Crawl Stone Soup version bcrawl-1.13.1 (webtiles) character file.

Game seed: 17949435110085097286

239 Flugkiller the Skirmisher (level 5, -2/35 HPs)
             Began as a Skeleton Reaver on Aug 5, 2019.
             Was a Believer of Vehumet.
             Killed by divine providence
             ... invoked by an orc priest
              (13 damage)
             ... on level 3 of the Dungeon.
             The game lasted 00:03:02 (2407 turns).

Flugkiller the Skirmisher (Skeleton Reaver)         Turns: 2407, Time: 00:03:03

Health: -2/35      AC:  8    Str: 17    XL:     5   Next: 79%
Magic:  0/9        EV: 12    Int: 14    God:    Vehumet [**....]
Gold:   204        SH:  0    Dex:  7    Spells: 8/10 levels left

rFire    . . .     SeeInvis .   a - +0 trident
rCold    + . .     Gourm    .   (no shield)
rNeg     + + +     Faith    .   b - +0 steam dragon scales
rPois    ∞         Spirit   +   (no helmet)
rElec    .         Reflect  .   i - +2 cloak
rCorr    .         Harm     .   (no gloves)
MR       .....                  (no boots)
Stlth    ..........             (no amulet)
HPRegen  0.11/turn              d - ring of attention (curse)
MPRegen  0.11/turn              (no ring)

@: very slightly contaminated
A: no food or potions, cold resistance 1, deterioration 1, negative energy
resistance 3, torment resistance, unbreathing, magic shield, sturdy frame 1,
spell healing
a: Renounce Religion


You were on level 3 of the Dungeon.
You worshipped Vehumet.
Vehumet was pleased with you.
You were not hungry.

You visited 1 branch of the dungeon, and saw 3 of its levels.

You collected 204 gold pieces.

Inventory:

Hand Weapons
 a - a +0 trident (weapon)
Armour
 b - +0 steam dragon scales (worn)
 i - a +2 cloak (worn)
 k - a +1 scale mail of cold resistance
Jewellery
 d - a cursed ring of attention (left hand)
 e - an uncursed ring of poison resistance {unknown}
Wands
 j - a wand of iceblast (7)
Scrolls
 c - a scroll of immolation
 f - 2 scrolls of enchant weapon {unknown}
 g - a scroll of remove curse {unknown}
 h - a scroll of teleportation {unknown}
 l - 3 scrolls of identify {unknown}
 m - a scroll of blinking {unknown}
 n - a scroll of enchant armour {unknown}
 o - a scroll of magic mapping {unknown}
 p - a scroll of noise {unknown}


   Skills:
 - Level 5.2 Fighting
 - Level 3.6 Polearms
 - Level 3.0 Dodging
 - Level 3.0 Spellcasting
 + Level 4.1 Conjurations
 + Level 1.5 Ice Magic


You had 8 spell levels left.
You knew the following spells:

 Your Spells              Type           Power        Failure   Level  Hunger
a - Magic Dart            Conj           ##..         4%          1    N/A
b - Freeze                Ice            #.....       12%         1    N/A

Your spell library contained the following spells:

 Spells                   Type           Power        Failure   Level  Hunger
 Iskenderun's Battlesphe  Conj/Chrm      #.......     95%         5    N/A

Dungeon Overview and Level Annotations

Branches:
Dungeon (3/12)

Altars:
Cheibriados


Innate Abilities, Weirdness & Mutations

You do not eat or drink.
You are immune to poison.
Your flesh is cold resistant. (rC+)
Your body sometimes deteriorates upon taking damage.
You are immune to negative energy. (rN+++)
You are immune to unholy pain and torment.
You can survive without breathing.
When hurt, damage is shared between your health and your magic reserves.
Your movements are slightly less encumbered by armour. (ER -2)
Casting spells heals you.


Message History

The orc wizard hits you but does no damage.
You hit the orc priest but do no damage.
The orc priest is severely wounded.
The orc priest misses you. The orc wizard barely misses you.
You hit the orc priest.
The orc priest is severely wounded.
The orc priest hits you with a +0 whip of venom.
The orc wizard hits you but does no damage.
You hit the orc priest.
The orc priest is almost dead.
The orc priest hits you but does no damage.
The orc wizard hits you but does no damage.
You barely miss the orc priest.
The orc priest is almost dead.
The orc priest hits you but does no damage.
The orc wizard casts a spell at you.
You easily resist.
The orc priest invokes the aid of Beogh against you.
Beogh smites you!
You die...

# ... .... .#.#
## ..o ##. #.# #
##...#.###.####.
##....#oo@.......
#.....#:o##.#####
#####
.........##.#
....#
#####..!....#
#### ###.####
###.##### ..#
#....<.# #.# #.#
#.#.##.# #.#
####.. #...##.#
##.## # #.....
#.#..#.# #...#
#.#.##..


You could see an orc priest, an orc wizard and an orc.

Vanquished Creatures
  A crimson imp (D:2)
  Jessica (D:2)
  An orc wizard (D:3)
  Terence (D:2)
  A gnoll (D:1)
  An ooze (D:2)
  3 worms
  2 dart slugs (D:3)
  4 leopard geckos
  11 orcs (D:3)
  4 goblins (D:1)
  12 hobgoblins
  13 jackals
  A quokka (D:3)
  8 bats
  3 frilled lizards
  9 kobolds
  4 rats
80 creatures vanquished.

Notes
Turn   | Place    | Note
-------+----------+-------------------------------------------
     0 | D:1      | Flugkiller the Skeleton Reaver began the quest for the Orb.
     0 | D:1      | Reached XP level 1. HP: 14/14 MP: 4/4
   362 | D:1      | Reached XP level 2. HP: 18/19 MP: 6/6
   557 | D:1      | Reached * piety under Vehumet
   557 | D:1      | Offered knowledge of Magic Dart by Vehumet.
   571 | D:1      | Reached skill level 4 in Fighting
   574 | D:1      | Learned a level 1 spell: Magic Dart
   632 | D:1      | Reached XP level 3. HP: 20/24 MP: 5/7
   678 | D:1      | Reached skill level 1 in Conjurations
  1272 | D:2      | Reached XP level 4. HP: 26/30 MP: 8/8
  1298 | D:2      | Noticed Jessica
  1304 | D:2      | Killed Jessica
  1608 | D:2      | Noticed Terence
  1649 | D:2      | Killed Terence
  1649 | D:2      | Reached skill level 5 in Fighting
  1649 | D:2      | Reached XP level 5. HP: 29/35 MP: 7/9
  1659 | D:2      | Found a snail-covered altar of Cheibriados.
  1831 | D:2      | Reached ** piety under Vehumet
  1921 | D:2      | Offered knowledge of Freeze by Vehumet.
  1982 | D:2      | Learned a level 1 spell: Freeze
  2352 | D:3      | Reached skill level 1 in Ice Magic
  2407 | D:3      | Killed from afar by an orc priest

Skill      XL: |  1  2  3  4  5 |
---------------+----------------+-----
Fighting       | 4 5 |  5.2
Conjurations   | 2 3 4 |  4.1
Ice Magic      | 1 |  1.5
Polearms       | |  3.6
Dodging        | |  3.0
Spellcasting   | |  3.0

Action                   |  1- 3 |  4- 6 || total
-------------------------+-------+-------++-------
Melee: Trident           |   181 |   185 ||   366
 Cast: Magic Dart        |     5 |     8 ||    13
       Freeze            |       |     3 ||     3
Armor: Steam dragon scal |    63 |    52 ||   115
Dodge: Dodged            |   122 |   104 ||   226
